 Dungeon Crawl Stone Soup version 0.28.0-43-g3370ac3207 (webtiles) character file.

Game seed: 4541642021022190844

1605 egresovca the Magician (level 9, -10/60 HPs)
             Began as a Djinni Conjurer on Mar 1, 2022.
             Killed by divine providence
             ... invoked by an orc priest
              (17 damage)
             ... on level 6 of the Dungeon.
             The game lasted 00:10:56 (8118 turns).

egresovca the Magician (Djinni Conjurer)            Turns: 8118, Time: 00:10:56

Health: -10/60     AC:  5    Str: 10    XL:     9   Next: 16%
Gold:   267        EV: 13    Int: 20    God:
                   SH:  0    Dex: 12

rFire   + + +      SeeInvis +   e - +0 dagger (elec)
rCold   . . .      Faith    .   (no shield)
rNeg    . . .      Spirit   .   j - +2 robe {rC+ rF+}
rPois   ∞          Reflect  .   (no helmet)
rElec   .          Harm     .   i - +0 cloak
rCorr   .          Rampage  .   (no gloves)
Will    .....                   (boots unavailable)
Stlth   ++........              (no amulet)
HPRegen 0.20/turn               a - ring of see invisible
MPRegen 0.00/turn               (no ring)

@: flying
A: sickness immunity, fire resistance 2, cold vulnerability 1, float, innate
caster, HP casting, extra vitality 1
a: no special abilities


You were on level 6 of the Dungeon.
You visited 1 branch of the dungeon, and saw 6 of its levels.

You collected 267 gold pieces.

Inventory:

Hand Weapons
 e - a +0 dagger of electrocution (weapon)
Missiles
 u - a throwing net
Armour
 i - a +0 cloak (worn)
 j - a +2 robe of resistance (worn)
Jewellery
 a - a ring of see invisible (left hand)
Wands
 k - a wand of flame (26)
Scrolls
 b - 2 scrolls of vulnerability {unknown}
 d - 2 scrolls of magic mapping {unknown}
 f - 4 scrolls of teleportation {unknown}
 g - 4 scrolls of identify {unknown}
 h - 3 scrolls of immolation {unknown}
 o - a scroll of noise {unknown}
 q - a scroll of summoning {unknown}
 r - a scroll of enchant armour {unknown}
Potions
 c - 3 potions of curing
 l - a potion of attraction {unknown}
 m - 4 potions of haste {unknown}
 n - a potion of brilliance {unknown}
 p - a potion of mutation {unknown}
 s - a potion of degeneration {unknown}
 t - a potion of resistance {unknown}


   Skills:
 - Level 3.0 Fighting
 - Level 2.4 Short Blades
 - Level 1.7 Armour
 - Level 4.1 Dodging
 - Level 2.7 Stealth
 * Level 7.5 Spellcasting


You couldn't memorise any spells.
You knew the following spells:

 Your Spells              Type           Power      Damage    Failure   Level
a - Scorch                Fire           74%        2d9       1%          2
b - Searing Ray           Conj           74%        2d7       1%          2
c - Fulminant Prism       Conj/Hex       18%        3d11      4%          4
d - Dazzling Flash        Conj/Hex       74%        N/A       1%          3
e - Iskenderun's Mystic   Conj/Tloc      37%        2d9       4%          4
f - Magic Dart            Conj           100%       1d8       1%          1
g - Olgreb's Toxic Radia  Pois           37%        N/A       4%          4
i - Apportation           Tloc           74%        N/A       1%          1
v - Conjure Flame         Conj/Fire      37%        6-21      1%          3
Your spell library was empty.

Dungeon Overview and Level Annotations

Branches:
Dungeon (6/15)
 Temple: D:4-7

Altars:
Cheibriados
Dithmenos
Ru
Sif Muna

Portals:
Sewer: D:6

Annotations:
D:3 2 runed translucent doors, Dvallin's ghost, amateur FoFi


Innate Abilities, Weirdness & Mutations

You are immune to sickness and miasma.
You are immune to poison.
Your flesh is very heat resistant. (rF++)
You are vulnerable to cold. (rC-)
You float through the air rather than walking.
You learn spells naturally, not from books.
Your magical power is your life essence.
You have superior vitality. (+4 MHP)


Message History

An adder comes into view.
There is a stone staircase leading up here.
You fly upwards.
There is a stone staircase leading down here.
Unknown command.
HP restored.
Done exploring.
You fly downwards.
You hear the sound of rushing water.
There is an entrance to a sewer on this level.
Hurry and find it before the portal rusts away!
You hear the brisk rusting of a drain.
The adder hisses angrily.
The orc hits you with a +1 dagger of draining.
The orc warrior hits you with a +0 short sword!!
There is a stone staircase leading up here.
Found 6 gold pieces.
Casting: Scorch (safe; 1% risk of failure)
Confirm with . or Enter, or press ? or * to list all spells.
You begin to radiate toxic energy.
The orc warrior is poisoned.
The orc is poisoned.
The adder is poisoned.
The orc warrior looks even sicker.
The orc looks even sicker.
The orc warrior hits you with a +0 short sword.
The orc hits you but does no damage.
You kill the orc!
Your toxic aura wanes.
The orc warrior hits you with a +0 short sword!
Casting: Olgreb's Toxic Radiance (dangerous; 4% risk of failure)
Confirm with . or Enter, or press ? or * to list all spells.
You begin to radiate toxic energy.
You kill the adder!
The orc warrior hits you with a +0 short sword!
* * * LOW HITPOINT WARNING * * *
An orc priest comes into view. It is wielding a +0 short sword.
The orc priest shouts!
The orc priest is poisoned.
Your toxic aura wanes.
The orc warrior barely misses you.
The orc priest invokes the aid of Beogh against you.
Beogh smites you!
You die...

#..## #.<.# #.....
#.#.# #..... #.#.##
#.... ..##.#..# #..#
#.......#####.##
####.##...#....####
#. ##.÷....[...####
#.####....@.##.....
................####
###..#.###.o.......#
.............##.##.#
.#######.....# .#
.#≈≈≈BS#..#.## .#
.+≈≈∩BB#..#.# .#
#≈≈≈≈S#o##.# ####..
#######.#..#....$.


You could see an orc warrior (poisoned), an orc priest (poisoned), an adder and
a giant cockroach.

Vanquished Creatures
  Prince Ribbit (D:5)
  Menkaure (D:5)
  An ice beast (D:5)
  A sky beast (D:6)
  A black bear (D:6)
  2 necrophages
  A phantom (D:4)
  A scorpion (D:4)
  A wyvern skeleton (D:6)
  A howler monkey (D:5)
  2 bullfrog zombies
  2 hounds (D:5)
  2 jellies
  A centaur skeleton (D:4)
  Jessica (D:2)
  2 iguanas
  Natasha (thrice) (D:2)
  2 hound skeletons
  7 gnolls
  6 adders
  A shadow imp (D:5)
  An adder skeleton (D:4)
  5 worms
  3 dart slugs
  6 orcs
  12 ball pythons
  5 bats
  5 endoplasms
  6 giant cockroaches
  8 goblins
  7 hobgoblins
  4 jackals (D:1)
  6 quokkas
  A frilled lizard (D:1)
  8 kobolds
  A quokka skeleton (D:4)
  2 rats
120 creatures vanquished.

Vanquished Creatures (others)
  7 fulminant prisms
7 creatures vanquished.

Grand Total: 127 creatures vanquished

Notes
Turn   | Place    | Note
-------+----------+-------------------------------------------
     0 | D:1      | egresovca the Djinni Conjurer began the quest for the Orb.
     0 | D:1      | Reached XP level 1. HP: 15/15 MP: 0/0
   281 | D:1      | Reached XP level 2. HP: 8/21 MP: 0/0
  1858 | D:2      | Reached XP level 3. HP: 19/26 MP: 0/0
  1858 | D:2      | Learned a level 1 spell: Apportation
  2321 | D:2      | Noticed Natasha
  2335 | D:2      | Killed Natasha
  2336 | D:2      | Reached skill level 1 in Fighting
  2336 | D:2      | Reached XP level 4. HP: 20/32 MP: 0/0
  2534 | D:2      | Noticed Jessica
  2539 | D:2      | Killed Jessica
  2595 | D:2      | Noticed Natasha
  2604 | D:2      | Killed Natasha
  2605 | D:2      | Reached skill level 1 in Short Blades
  2605 | D:2      | Reached XP level 5. HP: 11/37 MP: 0/0
  2605 | D:2      | Learned a level 2 spell: Scorch
  2830 | D:2      | Noticed Natasha
  2834 | D:2      | Killed Natasha
  2957 | D:2      | Reached skill level 4 in Spellcasting
  3037 | D:2      | Found a faded altar of an unknown god.
  3759 | D:3      | Found a snail-covered altar of Cheibriados.
  3769 | D:3      | Found a large runed translucent door.
  3769 | D:3      | Found a large runed translucent door.
  3773 | D:3      | Noticed Dvallin's ghost (amateur FoFi)
  3780 | D:3      | Found a sacrificial altar of Ru.
  4020 | D:3      | Reached XP level 6. HP: 36/43 MP: 0/0
  5954 | D:4      | Reached skill level 1 in Armour
  5954 | D:4      | Reached XP level 7. HP: 43/49 MP: 0/0
  5954 | D:4      | Learned a level 3 spell: Conjure Flame
  6603 | D:5      | Entered Level 5 of the Dungeon
  6633 | D:5      | Noticed Prince Ribbit
  6640 | D:5      | Killed Prince Ribbit
  6737 | D:5      | Reached skill level 5 in Spellcasting
  6737 | D:5      | Reached XP level 8. HP: 32/56 MP: 0/0
  7018 | D:5      | Noticed Menkaure
  7024 | D:5      | Killed Menkaure
  7025 | D:5      | Reached skill level 6 in Spellcasting
  7347 | D:5      | Found a shadowy altar of Dithmenos.
  7779 | D:6      | Found a glowing drain.
  7795 | D:6      | Reached skill level 7 in Spellcasting
  7795 | D:6      | Reached XP level 9. HP: 41/60 MP: 0/0
  7795 | D:6      | Learned a level 4 spell: Olgreb's Toxic Radiance
  8118 | D:6      | Killed from afar by an orc priest

Illustrated notes

Levels and vault maps discovered:
D:1:      dpeg_arrival_rooms_b, layout_loops_corners, serial_co_window_serial,
          co_window_corner_a, co_window_paths_b, co_window_of_opportunity_a,
          co_window_paths_a, co_window_corner_a, co_window_2corner,
          co_window_of_opportunity_b, co_window_paths_c, co_window_4corner_b,
          glass_columns_a, glass_columns_b, glass_columns_a
D:2:      layout_basic, hellmonk_ecumenical_altar_slurped_away, uniq_jessica,
          uniq_natasha
D:3:      wad_river_or_something, layout_basic, cheibriados_altar_1,
          mainiacjoe_overflow_divided_tiny, ebering_ghost_disaster_area,
          minmay_between
D:4:      layout_gridville
D:5:      layout_loops_ring, lemuel_doored_altar, grunt_ministairs_9,
          st_stairs_13, uniq_prince_ribbit1, uniq_menkaure
D:6:      layout_rooms, marbit_many_paths, gup_sewer_entry_glass, uniq_duvessa

Skill      XL: |  1  2  3  4  5  6  7  8 |
---------------+-------------------------+-----
Stealth        | 2 |  2.7
Fighting       | 1 2 3 |  3.0
Short Blades   | 1 2 |  2.4
Dodging        | 3 4 |  4.1
Spellcasting   | 4 5 7 |  7.5
Armour         | 1 |  1.7

Action                   |  1- 3 |  4- 6 |  7- 9 || total
-------------------------+-------+-------+-------++-------
Melee: Dagger            |    18 |     3 |       ||    21
       Punch             |     1 |       |       ||     1
 Cast: Magic Dart        |    15 |     1 |     3 ||    19
       Searing Ray       |    14 |    31 |       ||    45
       Apportation       |     2 |       |       ||     2
       Scorch            |       |    41 |    54 ||    95
       Conjure Flame     |       |       |     3 ||     3
       Fulminant Prism   |       |       |     7 ||     7
       Olgreb's Toxic Ra |       |       |     2 ||     2
  Use: Potion            |     1 |       |       ||     1
Armor: Robe              |    12 |     7 |     3 ||    22
Dodge: Dodged            |    24 |    23 |    13 ||    60
